AoeStats
← [KMNB] Bandeira

Lombardia

508643356Analyzed
2v2 RM · 9d ago on Sep 23, 2026· 44m 54s· 4 players
Game mode
Random Map
Map size
Medium (4 player)
Population
200
Speed
Normal
Resources
Standard
Victory
Conquest
Starting age
Dark Age
Ending age
Imperial Age
RankedLock teamsTeams togetherTeam positionsShared explorationLock speedFull tech treeHidden civsTurbo modeCheats
Victory
Defeat
🇳🇱 Varangians · Netherlands
1609
+14
🇦🇷 Saxons · Argentina
1573
+15
🇧🇷 Persians · Brazil
1582
-15
🇧🇷 Italians · Brazil
1542
-14
[KMNB] Dedão
6:21 Loom
9:16 Feudal Age
10:01 Double-Bit Axe
13:34 Fletching
16:18 Horse Collar
16:43 Padded Archer Armor
18:49 Wheelbarrow
22:20 Castle Age
20:50 Gold Mining
22:20 Crossbowman
22:57 Bodkin Arrow
23:23 Bow Saw
26:41 Ballistics
28:17 Hand Cart
28:52 Stone Mining
31:27 Heavy Plow
32:29 Town Watch
35:37 Imperial Age
34:19 Leather Archer Armor
34:55 Scale Barding Armor
35:35 Thumb Ring
35:49 Forging
36:26 Bracer
37:39 Chemistry
36:54 Bloodlines
36:34 Arbalester
36:43 Light Cavalry
38:58 Conscription
39:42 Ring Archer Armor
39:33 Chain Barding Armor
40:45 Iron Casting
40:45 Husbandry
40:07 Hussar
40:54 Caravan
41:25 Coinage
43:05 Plate Barding Armor
42:53 Conscription
[KMNB] Bandeira
5:02 Loom
9:29 Feudal Age
9:58 Double-Bit Axe
11:05 Horse Collar
15:38 Forging
18:27 Scale Barding Armor
23:23 Castle Age
22:19 Gold Mining
25:58 Wheelbarrow
29:16 Chain Barding Armor
29:24 Bloodlines
34:08 Stone Mining
35:23 Iron Casting
35:01 Husbandry
36:00 Bow Saw
39:29 Imperial Age
39:53 Cavalier
43:39 Blast Furnace
43:23 Plate Barding Armor
43:29 Heavy Plow
Chipmunk
11:37 Feudal Age
13:00 Loom
13:22 Double-Bit Axe
16:02 Castle Age
13:45 Horse Collar
17:42 Bow Saw
17:51 Heavy Plow
19:21 Wheelbarrow
24:18 Stone Mining
27:18 Gold Mining
27:29 Squires
27:15 Arson
27:31 Scale Mail Armor
27:42 Forging
28:08 Hand Cart
28:34 Chain Mail Armor
31:44 Imperial Age
29:04 Town Watch
29:51 Fletching
30:41 Gold Shaft Mining
30:20 Padded Archer Armor
31:26 Iron Casting
30:47 Bodkin Arrow
32:02 Ballistics
31:33 Heated Shot
31:23 Treadmill Crane
32:06 Elite Hearth Troop
33:22 Plate Mail Armor
33:18 Conscription
33:11 Shield Wall
35:34 Two-Man Saw
35:17 Hoardings
35:42 Crop Rotation
35:29 Guilds
35:49 Coinage
35:38 Masonry
35:38 Herbal Medicine
35:57 Bracer
37:31 Chemistry
37:03 Architecture
38:03 Banking
38:56 Leather Archer Armor
39:41 Siege Engineers
42:03 Ring Archer Armor
41:47 Capped Ram
42:41 Siege Ram
Pl0tterGhost
9:06 Feudal Age
7:22 Loom
9:50 Double-Bit Axe
11:01 Horse Collar
19:05 Castle Age
18:04 Bloodlines
25:28 Scale Barding Armor
28:34 Forging
32:02 Chain Barding Armor
33:37 Wheelbarrow
33:16 Town Watch
35:13 Iron Casting
34:50 Gold Mining
35:32 Squires
38:10 Imperial Age
36:11 Scale Mail Armor
36:44 Bow Saw
36:48 Arson
37:19 Chain Mail Armor
37:14 Stone Mining
37:31 Heavy Plow
37:58 Fletching
39:26 Plate Mail Armor
38:18 Elite Varangian Guard
41:28 Gambesons
42:16 Hand Cart
41:58 Gothikon
42:52 Pikeman
44:25 Conscription
44:01 Man-at-Arms
Connection lost

Rejoining the realm…

Still unreachable

The connection could not be restored.

Session expired

The server has moved on; the page needs a fresh start.